 Dungeon Crawl Stone Soup version 0.28-a0-429-g1448048969 (webtiles) character file.

Game seed: 10427540101470665397

135 siradein the Conjurer (level 4, 0/24 HPs)
             Began as a Deep Elf Conjurer on Sept 10, 2021.
             Slain by Jessica (4 damage)
             ... on level 3 of the Dungeon.
             The game lasted 00:02:57 (2004 turns).

siradein the Conjurer (Deep Elf Conjurer)           Turns: 2004, Time: 00:02:58

Health: 0/24       AC:  2    Str:  4    XL:     4   Next: 97%
Magic:  13/13      EV: 12    Int: 24    God:
Gold:   78         SH:  0    Dex: 13    Spells: 7/13 levels left

rFire   . . .      SeeInvis .   d - +1 spear (flame)
rCold   . . .      Faith    .   (no shield)
rNeg    . . .      Spirit   .   a - +0 robe
rPois   .          Reflect  .   (no helmet)
rElec   .          Harm     .   (no cloak)
rCorr   .          Rampage  .   (no gloves)
Will    .....                   (no boots)
Stlth   ++........              (no amulet)
HPRegen 0.08/turn               (no ring)
MPRegen 0.13/turn               (no ring)

@: slowed, very slow
A: no striking features
a: no special abilities


You were on level 3 of the Dungeon.
You visited 1 branch of the dungeon, and saw 3 of its levels.

You collected 78 gold pieces.

Inventory:

Hand Weapons
 d - a +1 spear of flaming (weapon)
Armour
 a - a +0 robe (worn)
Wands
 h - a wand of paralysis (9)
Scrolls
 b - a scroll of teleportation {unknown}
 c - 3 scrolls of vulnerability {unknown}
 f - a scroll of enchant weapon {unknown}
 i - a scroll of noise {unknown}
 k - a scroll of fear {unknown}
 l - a scroll of acquirement {unknown}
 m - a scroll of identify {unknown}
Potions
 e - a potion of might {unknown}
 g - 2 potions of curing {unknown}
 j - a potion of invisibility {unknown}
 n - a potion of magic {unknown}
 o - a potion of flight {unknown}


   Skills:
 - Level 2.4 Dodging
 - Level 2.4 Stealth
 + Level 5.4 Spellcasting
 + Level 5.8 Conjurations


You had 7 spell levels left.
You knew the following spells:

 Your Spells              Type           Power      Damage    Failure   Level
a - Magic Dart            Conj           100%       1d8       1%          1
b - Searing Ray           Conj           68%        2d6       1%          2
c - Dazzling Flash        Conj/Hex       40%        N/A       8%          3

Your spell library contained the following spells:

 Spells                   Type           Power      Damage    Failure   Level
 Corpse Rot               Necr/Air       N/A        N/A       13%         2
 Poisonous Vapours        Pois/Air       12%        N/A       13%         2
 Fulminant Prism          Conj/Hex       10%        3d9       26%         4
 Iskenderun's Mystic Bla  Conj/Tloc      20%        2d6       26%         4


Dungeon Overview and Level Annotations

Branches:
Dungeon (3/15)

Altars:

Annotations:
D:3 Grinder, Jessica


Message History

Things that are here:
a +0 dagger; a goblin corpse
Things that are here:
a +0 hand axe; a +1 ring mail of willpower
Things that are here:
a +0 whip; a kobold corpse
n - a brown potion
o - a grey potion
Found a rapier and 8 bolts.
You see here 8 bolts.
You now have 78 gold pieces (gained 8).
Grinder comes into view.
She is carrying a wand of flame (14).
Grinder is nearby!
Grinder is nearby!
The magic dart hits Grinder.
Grinder is lightly wounded.
Grinder shouts!
Grinder gestures at you. Pain shoots through your body!
Ouch! That really hurt!
You are too injured to fight recklessly!
Unknown command.
Jessica the Apprentice Sorceress comes into view.
She is wielding a +0 dagger.
Jessica casts a spell at you.
You feel yourself slow down.
Jessica shouts, "You are a ghastly nuisance!"
Jessica mumbles some strange words.
Jessica blinks!
Grinder gestures at you. Pain shoots through your body!
* * * LOW HITPOINT WARNING * * *
A kobold comes into view. It is wielding a +0 whip.
Grinder gestures at you. You resist with significant effort.
Casting: Magic Dart (safe; 1% risk of failure)
Confirm with . or Enter, or press ? or * to list all spells.
You can't see any susceptible monsters within range! (Use Z to cast anyway.) Jessica closely misses you.
Jessica hits you with a +0 dagger.
You die...

#.. #.# #.. #.# #.. #.#
#..####.# #..5....#
#.#####.# # ###.#
#.5.#######.. #
#.#.@@......# ###
#.###.########### ##..
#.....# #.. ..# ####..#
#.# #.# #..# #.# #)####
#..# #.# #.##.. #..#
#)# #.....
#..#######.#######....#
#....................##


You could see Grinder and Jessica.

Vanquished Creatures
  Terence (D:3)
  3 gnolls (D:2)
  3 adders (D:2)
  2 worms (D:2)
  3 bats (D:1)
  An endoplasm (D:1)
  2 giant cockroaches
  6 goblins
  7 hobgoblins
  4 jackals (D:1)
  4 kobolds
  2 quokkas
  4 ball pythons
  2 frilled lizards (D:1)
  4 rats (D:1)
48 creatures vanquished.

Notes
Turn   | Place    | Note
-------+----------+-------------------------------------------
     0 | D:1      | siradein the Deep Elf Conjurer began the quest for the Orb.
     0 | D:1      | Reached XP level 1. HP: 10/10 MP: 6/6
   146 | D:1      | Reached XP level 2. HP: 15/15 MP: 4/8
   152 | D:1      | Learned a level 2 spell: Searing Ray
   587 | D:1      | Found a faded altar of an unknown god.
   875 | D:1      | Reached skill level 5 in Conjurations
   875 | D:1      | Reached XP level 3. HP: 19/19 MP: 6/10
   948 | D:2      | Learned a level 3 spell: Dazzling Flash
  1266 | D:2      | Reached XP level 4. HP: 24/24 MP: 8/12
  1558 | D:2      | Reached skill level 5 in Spellcasting
  1878 | D:3      | Noticed Terence
  1884 | D:3      | Killed Terence
  1993 | D:3      | Noticed Grinder
  1995 | D:3      | Noticed Jessica
  2004 | D:3      | Slain by Jessica

Illustrated notes

Levels and vault maps discovered:
D:1:      tarquinn_simple_flora_water_b, layout_rooms,
          hellmonk_ecumenical_altar_lost_god, st_stairs_2
D:2:      layout_basic, minmay_shallow_snake_nest
D:3:      layout_loops_ring, gammafunk_temple_overflow_statue, uniq_grinder,
          uniq_jessica, uniq_ijyb, uniq_terence

Skill      XL: |  1  2  3  4 |
---------------+-------------+-----
Spellcasting   | 4 5 |  5.4
Conjurations   | 5 |  5.8
Dodging        | |  2.4
Stealth        | |  2.4

Action                   |  1- 3 |  4- 6 || total
-------------------------+-------+-------++-------
Melee: Spear             |    23 |       ||    23
 Cast: Magic Dart        |    51 |    29 ||    80
       Searing Ray       |     3 |     2 ||     5
Armor: Robe              |     7 |       ||     7
Dodge: Dodged            |    23 |     2 ||    25

Table legend: (Time is in decaauts)
 A = Elapsed time spent in this place.
 B = Non-inter-level travel time spent in this place.
 C = Inter-level travel time spent in this place.
 D = Time resting spent in this place.
 E = Time spent auto-exploring this place.
 F = Levels seen in this place.
 G = Mean time per level.
                   A        B        C        D        E       F      G
               +--------+--------+--------+--------+--------+-----+--------+
         Total |   2008 |   1973 |     35 |      0 |   1678 |   3 |  669.3 |
       Dungeon |   2008 |   1973 |     35 |      0 |   1678 |   3 |  669.3 |
               +--------+--------+--------+--------+--------+-----+--------+

Top non-repeatable levels by time:
     D:1: 944 daAuts
     D:2: 934 daAuts
     D:3: 128 daAuts
